 Dungeon Crawl Stone Soup version 0.32-a0-933-ga8fa3634e4 (webtiles) character file.

Game seed: 13259165679081397406

3861 Berder the Arsonist (level 10, -8/112 HPs)
             Began as a Naga Fire Elementalist on Apr 15, 2024.
             Was a Follower of Vehumet.
             Mangled by Gastronok (11 damage)
             ... on level 8 of the Dungeon.
             The game lasted 00:17:29 (8618 turns).

Berder the Arsonist (Naga Fire Elementalist)        Turns: 8618, Time: 00:17:30

Health: -8/112     AC: 25    Str:  7 (10) XL:     10   Next: 18%
Magic:  2/21       EV:  1    Int: 20 (21) God:    Vehumet [*.....]
Gold:   404        SH:  0    Dex: 10 (11) Spells: 17/24 levels left

rFire   + . .        a - +2 dagger (venom)
rCold   + . .        (no shield)
rNeg    . . .        o - melded +0 robe
rPois   +            C - melded +0 helmet
rElec   +            (cloak currently unavailable)
rCorr   +            (gloves currently unavailable)
SInv    +            (no barding)
Will    +....        (no amulet)
Stlth   ++           A - ring of wizardry
HPRegen 0.38/turn    (no ring)
MPRegen 0.17/turn

%: wizardry (x1)
@: mighty, tree-form, resistant, attractive, hasted (expiring), very quick
A: stationary, stasis, torment immunity, boosted hp, AC +3, large, see
invisible, (deformed body), (poison resistance), (slowness 2), spit poison 1,
(naga tail 1)
a: Spit Poison, Renounce Religion


You were on level 8 of the Dungeon.
You worshipped Vehumet.
Vehumet was aware of your devotion.
You were a tree.
You visited 2 branches of the dungeon, and saw 9 of its levels.

You collected 404 gold pieces.

Inventory:

Hand Weapons
 a - a +2 dagger of venom (weapon)
 b - a +0 sling
 j - a +0 dagger
 B - a +0 morningstar of draining
Missiles
 p - 6 curare-tipped darts (quivered)
 x - a throwing net
Armour
 o - a +0 robe (melded)
 C - a +0 helmet (melded)
Jewellery
 A - a ring of wizardry (left branch)
Wands
 l - a wand of iceblast (18)
 r - a wand of flame (13)
Scrolls
 e - a scroll of immolation
 i - a scroll of silence
 m - a scroll of enchant weapon
 n - a scroll of enchant armour {unknown}
 s - a scroll of amnesia {unknown}
 u - 2 scrolls of vulnerability
 y - a scroll of fog {unknown}
 D - a scroll of teleportation {unknown}
Potions
 c - 2 potions of resistance
 f - a potion of enlightenment
 g - a potion of berserk rage
 h - a potion of degeneration
 q - 2 potions of brilliance
 t - a potion of mutation
 z - 2 potions of lignification


   Skills:
 - Level 1.5 Dodging
 - Level 3.0 Stealth
 + Level 7.8 Spellcasting
 + Level 8.7 Conjurations
 + Level 8.7 Fire Magic


You had 17 spell levels left.
You knew the following spells:

 Your Spells              Type           Power      Damage    Failure   Level
a - Foxfire               Conj/Fire      100%       2x1d9     1%          1
b - Scorch                Fire           84%        2d8       1%          2
c - Flame Wave            Conj/Fire      42%        2d11      1%          4

Your spell library contained the following spells:

 Spells                   Type           Power      Damage    Failure   Level
 Sandblast                Erth           14%        2d6       3%          1
 Inner Flame              Hex/Fire       25%        N/A       1%          3
 Volatile Blastmotes      Fire/Tloc      50%        2d14      1%          3


Dungeon Overview and Level Annotations

Branches:
Dungeon (8/15)             Temple (1/1) D:6
   Lair: D:8-11

Altars:
Ashenzari
Cheibriados
Dithmenos
Elyvilon
Fedhas
Gozag
Hepliaklqana
Kikubaaqudgha
Makhleb
Nemelex Xobeh
Okawaru
Qazlal
Ru
Sif Muna
Trog
Uskayaw
Vehumet
Wu Jian
Xom
Yredelemnul
Zin
The Shining One

Annotations:
D:8 Gastronok


Innate Abilities, Weirdness & Mutations

You are a tree.
Your roots penetrate the ground, keeping you stationary.
You cannot be teleported.
You are immune to unholy pain and torment.
Your maximum health is greatly increased.
Your equipment is partially melded.
((Your serpentine skin is tough. (AC +3)))
You have supernaturally acute eyesight. (SInv)
((Armour fits poorly on your strangely shaped body.))
((Your system is resistant to poisons. (rPois)))
((You cover ground very slowly.))
You can spit poison.
((You have a snake-like lower body.))


Message History

The fiery explosion engulfs you! You resist.
* * * LOW HITPOINT WARNING * * *
You are engulfed in blazing flames.
You resist.
* * * LOW HITPOINT WARNING * * *
You hear an angry buzzing noise.
Gastronok is attracted toward you.
A wave of flame ripples out!
The flame wave engulfs Gastronok!
Flame seeps out of Gastronok.
Gastronok is moderately wounded.
You are engulfed in blazing flames.
You resist.
* * * LOW HITPOINT WARNING * * *
Your extra speed is starting to run out.
Gastronok bites you but does no damage.
A wave of flame ripples out!
The flame wave engulfs Gastronok!
Flame seeps out of Gastronok.
Gastronok is heavily wounded.
You finish channelling waves of flame.
You are engulfed in blazing flames.
You resist.
You hear an angry buzzing noise.
Press: ? - help, v - describe, . - travel, g - get item Item here: 2 potions of attraction.
The floor.
There is a cloud of flame here.
Unknown command.
Okay, then.
Okay, then.
Unknown command.
Casting: Flame Wave (mildly dangerous; 1% risk of failure)
Confirm with . or Enter, or press ? or * to list all spells.
Flames lash Gastronok.
Flame seeps out of Gastronok.
Gastronok is heavily wounded.
Gastronok's fire resistance burns away.
You are engulfed in blazing flames.
You resist.
* * * LOW HITPOINT WARNING * * *
You feel better.
You are engulfed in blazing flames.
You resist.
* * * LOW HITPOINT WARNING * * *
Gastronok is engulfed in blazing flames.
Flame seeps out of Gastronok.
Gastronok bites you!
You die...
Gastronok gurgles, "Time to dig in!"

# ##......## .# ##.....##
..# ##......###### #...
#........§...##
#..........#######..#####.#
##..######## ##........# #
##..######.# ##..## ##§♣##
# ###§w##########..##
#..§..........w...# ##
#.......#####c#####.. ...
#....##### #.# #... ...##
#....F.z# #.... ..
#o.###c...# ..... . ##
...## ##... ##...


You could see Gastronok (inner flame, combustible).

Vanquished Creatures
  A centaur warrior (D:8)
  Joseph (D:7)
  A water moccasin (D:7)
  An orc warrior (D:7)
  2 sky beasts
  2 black bears
  6 ice beasts
  An ogre (D:5)
  A centaur (D:8)
  2 lemures (D:5)
  A brain worm (D:4)
  5 bullfrogs
  4 scorpions
  A wight (D:8)
  5 killer bees (D:7)
  2 bombardier beetles
  2 howler monkeys
  3 hounds (D:6)
  4 orc priests
  A sleepcap (D:6)
  A gnoll bouda (D:4)
  3 iguanas
  An orc wizard (D:7)
  10 gnolls (D:4)
  6 adders
  6 ufetubi
  3 dart slugs
  2 ribbon worms
  21 orcs
  5 endoplasms
  4 giant cockroaches
  11 goblins
  5 hobgoblins
  10 kobolds
  4 quokkas
  6 ball pythons
  8 bats
  3 frilled lizards
  3 rats
158 creatures vanquished.

Vanquished Creatures (others)
  Pikel (D:5)
  430 foxfires
431 creatures vanquished.

Grand Total: 589 creatures vanquished

Notes
Turn   | Place    | Note
-------+----------+-------------------------------------------
     0 | D:1      | Berder the Naga Fire Elementalist began the quest for the
                  | Orb.
     0 | D:1      | Reached XP level 1. HP: 15/15 MP: 3/3
   136 | D:1      | Reached XP level 2. HP: 14/22 MP: 0/5
   948 | D:2      | Reached XP level 3. HP: 25/28 MP: 6/6
   971 | D:2      | Learned a level 2 spell: Scorch
  1580 | D:2      | Reached XP level 4. HP: 22/36 MP: 0/7
  1692 | D:2      | Found a faded altar of an unknown god.
  1892 | D:3      | Noticed a bullfrog
  1926 | D:3      | Killed a bullfrog
  1927 | D:3      | Reached XP level 5. HP: 35/42 MP: 1/9
  3533 | D:4      | Reached XP level 6. HP: 47/49 MP: 2/10
  3823 | D:4      | Found a bloodstained altar of Trog.
  3968 | D:4      | Reached XP level 7. HP: 4/55 MP: 0/12
  4515 | D:5      | Entered Level 5 of the Dungeon
  4519 | D:5      | Reached skill level 5 in Fire Magic
  4528 | D:5      | Reached skill level 5 in Conjurations
  4799 | D:5      | Reached XP level 8. HP: 62/62 MP: 5/15
  5314 | D:5      | Reached skill level 5 in Spellcasting
  5367 | D:5      | Learned a level 4 spell: Flame Wave
  5533 | D:5      | Killed Pikel
  6028 | D:6      | Found a staircase to the Ecumenical Temple.
  6065 | Temple   | Entered the Ecumenical Temple
  6074 | Temple   | Became a worshipper of Vehumet
  6704 | D:6      | Reached XP level 9. HP: 65/68 MP: 9/18
  6764 | D:6      | Found a white marble altar of Elyvilon.
  6774 | D:6      | Found a glowing silver altar of Zin.
  6777 | D:6      | Found a burning altar of Makhleb.
  7193 | D:7      | Reached * piety under Vehumet
  7193 | D:7      | Offered knowledge of Sandblast by Vehumet.
  7671 | D:7      | Noticed Joseph
  7962 | D:7      | Killed Joseph
  8578 | D:8      | Noticed a centaur warrior
  8582 | D:8      | Noticed Gastronok
  8587 | D:8      | HP: 1/68 [centaur warrior/arrow (21)]
  8600 | D:8      | Killed a centaur warrior
  8601 | D:8      | Reached XP level 10. HP: 14/75 MP: 9/21
  8617 | D:8      | HP: 2/112 [cloud of flame (6)]
  8618 | D:8      | Mangled by Gastronok

Illustrated notes

Levels and vault maps discovered:
D:1:      mushboom_english_gardens, layout_basic, minmay_misc_feat_more_columns
D:2:      layout_loops_corners, chequers_ecumenical_altar_simple_redux,
          st_stairs_7
D:3:      layout_basic, serial_corexii_hall, chequers_hall_statues_wall_a,
          chequers_hall_statues_y, corexii_hall_statues_t,
          chequers_hall_statues_wall_a, grunt_ministairs_11,
          kennysheep_generic_room_15
D:4:      layout_basic, trog_antimagical
D:5:      layout_loops_corners, lemuel_flamethrower_2, uniq_pikel
D:6:      layout_gridville, minitemple, minmay_temple_entry_hall
D:7:      layout_cave_pools, uniq_joseph
D:8:      minmay_the_grid_plus_closed [minmay_the_grid_tiny_cups,
          minmay_the_grid_holed_spiral, minmay_the_grid_zigzag_pyramid,
          minmay_the_grid_diamond_grid, minmay_the_grid_prize_trominoes],
          layout_layer_cave, gammafunk_ghost_grave, uniq_gastronok
Temple:   nicolae_temple_two_arcs

Skill      XL: |  1  2  3  4  5  6  7  8  9 |
---------------+----------------------------+-----
Conjurations   | 2 3 4 5 6 8 |  8.7
Spellcasting   | 3 4 6 7 |  7.8
Fire Magic     | 4 5 6 8 |  8.7
Dodging        | |  1.5
Stealth        | |  3.0

Action                     |  1- 3 |  4- 6 |  7- 9 | 10-12 || total
---------------------------+-------+-------+-------+-------++-------
  Melee: Unarmed           |     2 |       |       |       ||     2
         Dagger            |       |    16 |     4 |       ||    20
   Fire: Sling             |    63 |    28 |       |       ||    91
  Throw: Dart              |       |       |     3 |       ||     3
   Cast: Foxfire           |    26 |    68 |   155 |       ||   249
         Scorch            |     1 |     4 |    16 |     1 ||    22
         Flame Wave        |       |       |    15 |     1 ||    16
Ability: Spit Poison       |    14 |    15 |     1 |       ||    30
  Evoke: Wand              |       |     3 |     2 |       ||     5
    Use: Potion            |     1 |     2 |     9 |     1 ||    13
         Scroll            |       |       |     6 |     1 ||     7
   Stab: Sleeping          |       |       |     1 |       ||     1
 Armour: Robe              |    45 |    38 |    65 |       ||   148
         Skin              |       |       |     6 |     8 ||    14
  Dodge: Dodged            |    33 |    24 |    35 |       ||    92

Table legend: (Time is in decaauts)
 A = Elapsed time spent in this place.
 B = Non-inter-level travel time spent in this place.
 C = Inter-level travel time spent in this place.
 D = Time resting spent in this place.
 E = Time spent auto-exploring this place.
 F = Levels seen in this place.
 G = Mean time per level.
                   A        B        C        D        E       F      G
               +--------+--------+--------+--------+--------+-----+--------+
         Total |  10773 |  10471 |    302 |   1824 |   6991 |   9 | 1197.0 |
       Dungeon |  10748 |  10469 |    279 |   1824 |   6991 |   8 | 1343.5 |
        Temple |     25 |      3 |     22 |      0 |      0 |   1 |   25.0 |
               +--------+--------+--------+--------+--------+-----+--------+

Top non-repeatable levels by time:
     D:3: 1866 daAuts
     D:5: 1777 daAuts
     D:6: 1766 daAuts
     D:4: 1560 daAuts
     D:2: 1394 daAuts
     D:7: 1032 daAuts
     D:1: 964 daAuts
     D:8: 386 daAuts
  Temple: 25 daAuts
